 Dungeon Crawl Stone Soup version 0.23-a0-644-gb60d84b635 (webtiles) character file.

62 Napalmbreeze the Chopper (level 3, 0/29 HPs)
             Began as a Demonspawn Chaos Knight on Jan 2, 2019.
             Was a Plaything of Xom.
             Succumbed to an adder's poison
             ... on level 2 of the Dungeon.
             The game lasted 00:02:37 (1017 turns).

Napalmbreeze the Chopper (Demonspawn Chaos Knight)  Turns: 1017, Time: 00:02:38

Health: 0/29       AC:  6    Str: 13    XL:     3   Next: 85%
Magic:  1/3        EV: 11    Int: 18    God:    Xom [..*...]
Gold:   49         SH:  0    Dex: 12    Spells: 2/2 levels left

rFire    . . .     SeeInvis .   a - +0 hand axe (chaos)
rCold    . . .     Gourm    .   (no shield)
rNeg     . . .     Faith    .   f - +0 ring mail
rPois    .         Spirit   +   m - +0 helmet
rElec    .         Reflect  .   (no cloak)
rCorr    .         Harm     .   (no gloves)
MR       .....                  (no boots)
Stlth    +.........             (no amulet)
HPRegen  0.09/turn              (no ring)
MPRegen  0.08/turn              (no ring)

@: brilliant, lethally poisoned (0 -> -2), berserk cooldown, slowed, very slow
A: powered by death 1, magic shield
a: Renounce Religion


You were on level 2 of the Dungeon.
You worshipped Xom.
You were a toy of Xom.
You were not hungry.

You visited 1 branch of the dungeon, and saw 2 of its levels.

You collected 49 gold pieces.

Inventory:

Hand Weapons
 a - a +0 hand axe of chaos (weapon)
 d - a +0 club
 h - a +2 dagger of holy wrath
Armour
 b - a +2 leather armour
 f - a +0 ring mail (worn)
 m - a +0 helmet (worn)
Scrolls
 e - a scroll of remove curse {unknown}
 g - a scroll of random uselessness {unknown}
 k - a scroll of fear {unknown}
 l - a scroll of enchant armour {unknown}
 o - a scroll of identify {unknown}
Comestibles
 c - 2 rations
 j - 4 chunks of flesh


   Skills:
 + Level 3.4 Fighting
 * Level 3.4 Axes
 + Level 2.2 Armour
 + Level 1.6 Dodging


You had 2 spell levels left.
You didn't know any spells.
Your spell library was empty.

Dungeon Overview and Level Annotations

Branches:
Dungeon (2/15)

Altars:
Sif Muna


Innate Abilities, Weirdness & Mutations

You regenerate a little health from kills.
When hurt, damage is shared between your health and your magic reserves.


Message History

You pass out from exhaustion.
You feel yourself slow down. Something hits you but does no damage.
Something hits you but does no damage.
You feel sick. Something hits you.
* * * LOW HITPOINT WARNING * * *
You can move again.
Unknown command.
You hit something. You freeze something.
You feel sick. Something hits you.
* * * LOW HITPOINT WARNING * * *
Something hits you.
* * * LOW HITPOINT WARNING * * *
Unknown command.
It was a potion of brilliance.
You feel clever all of a sudden.
Xom thinks this is hilarious!
Something hits you.
* * * LOW HITPOINT WARNING * * *
Something hits you but does no damage.
You die...
Xom is highly amused! # #..#.# P #. #..#.# PP .# ###..#.### P .# .........# P PP .# .# #.....##P P .# ... #......#P P .# #.#...%...#.[...##P P .###.#.......#.....# P ...$....._..!..#@.## PPPP

.###.#.......#.#..#
P P .#
#.......#....# PP .#
..... #....###P P PP
.#
#.####†####......#PP
PP PP .#
#.......÷...#..### P
P .#
######..#..##.$# .#
#........)...# <#
#.##########.#


There were no monsters in sight!

Vanquished Creatures
  An adder (D:2)
  2 worms
  A dart slug (D:2)
  4 leopard geckos
  A giant cockroach (D:2)
  3 goblins
  3 hobgoblins (D:1)
  3 jackals (D:2)
  3 kobolds (D:1)
  7 bats
  9 frilled lizards (D:2)
  4 rats
41 creatures vanquished.

Notes
Turn   | Place    | Note
-------+----------+-------------------------------------------
     0 | D:1      | Napalmbreeze the Demonspawn Chaos Knight began the quest
                  | for the Orb.
     0 | D:1      | Reached XP level 1. HP: 18/18 MP: 1/1
    48 | D:1      | Reached skill level 1 in Dodging
   162 | D:1      | XOM is BORED!
   162 | D:1      | XOM: harmless Erth miscast
   182 | D:1      | XOM: potion effect (heal wounds)
   184 | D:1      | Gained mutation: You regenerate a little health from kills.
                  | [demonic ancestry]
   184 | D:1      | Reached XP level 2. HP: 24/24 MP: 2/2
   326 | D:1      | XOM: harmless Hex miscast
   579 | D:1      | XOM: potion effect (haste)
   778 | D:1      | XOM: harmless Fire miscast
   887 | D:2      | Gained mutation: When hurt, damage is shared between your
                  | health and your magic reserves. [demonic ancestry]
   887 | D:2      | Reached XP level 3. HP: 29/29 MP: 3/3
   907 | D:2      | XOM: harmless Necr miscast
   938 | D:2      | XOM: divination: detect creatures
   960 | D:2      | Found a deep blue altar of Sif Muna.
   986 | D:2      | XOM: silly message
   991 | D:2      | XOM: mild Summ miscast
   992 | D:2      | XOM: divination: detect creatures
  1015 | D:2      | HP: 1/29 [something (1)]
  1017 | D:2      | Succumbed to an adder's poison

Vault maps used:
D:1:      dpeg_arrival_renting
D:2:      tgw_fedhas, old_standard_altar, minmay_lizard_pond, uniq_sigmund

Skill      XL: |  1  2 |
---------------+-------+-----
Dodging        | 1 |  1.6
Axes           | 3 |  3.4
Armour         | 2 |  2.2
Fighting       | |  3.4

Action                   || total
-------------------------++-------
Melee: Hand axe          ||   110
  Use: Potion            ||     2
 Stab: Paralysed         ||     1
Armor: Leather armour    ||     5
       Ring mail         ||    56
Dodge: Dodged            ||    90

Table legend:
 A = Non-vault XP
 B = Vault XP
 C = Vault XP percentage of total XP
 D = Non-vault monster count
 E = Vault monster count
 F = Vault count percentage of total count
                 A         B        C        D         E       F
            +---------+---------+-------+---------+---------+-------
      Total |      82 |       7 |   7.9 |      34 |       7 |  17.1
            +---------+---------+-------+---------+---------+-------
        D:1 |      36 |       0 |   0.0 |      19 |       0 |   0.0
        D:2 |      46 |       7 |  13.2 |      15 |       7 |  31.8
            +---------+---------+-------+---------+---------+-------
